[Event "*** Titled Tuesday Blitz"]
[Site "Chess.com"]
[Date "2021.04.20"]
[Round "3"]
[White "Marty435"]
[Black "nrvisakh"]
[Result "0-1"]
[WhiteElo "2615"]
[BlackElo "2795"]
[TimeControl "180+1"]
[EndTime "10:27:23 PDT"]
[Termination "nrvisakh won by resignation"]

1. e4 c5 2. Nf3 g6 3. d4 cxd4 4. Qxd4 Nf6 5. Bb5 a6 6. e5 Nh5 7.
Bc4 Nc6 8. Qe4 d6 9. O-O dxe5 10.
Ng5 e6 11. Qf3 Qf6 12. Qd1 b5 13. Be2 Bb7 14. Nc3 Rd8 15. Nce4 Qe7 16. Qe1 Nd4 17. Bxh5 gxh5 18. Ng3 h6 19. N5e4 f5 20. Nc3 Rg8 21. Qxe5 h4 22. Bf4 hxg3 23. hxg3 Bg7 24. Qc7 Qxc7 25. Bxc7 Rd7 26. Bf4 b4 27. Rad1 bxc3 28. bxc3 Ne2+ 29. Kh2 Nxf4 30. gxf4 Bxc3 31. Rb1 Kf7 32.
Kh3 Bxg2+ 0-1

[Event "*** Titled Tuesday Blitz"]
[Site "Chess.com"]
[Date "2021.04.20"]
[Round "3"]
[White "gagtemp"]
[Black "IngOscarArdila"]
[Result "0-1"]
[WhiteElo "1966"]
[BlackElo "2306"]
[TimeControl "180+1"]
[EndTime "10:27:23 PDT"]
[Termination "IngOscarArdila won by checkmate"]

1. e4 e5 2. Nf3 Nc6 3. Bc4 Be7 4. O-O Nf6 5. d3 O-O 6. a4 d5 7. exd5 Nxd5 8. Re1 Bf6 9. c3 Nf4 10. Bxf4 exf4 11. Nbd2 Na5 12. Ba2 Qxd3 13. Re4 g5 14. Qe1 Bf5 15. Ne5 Bxe4 16. Nxd3 Bxd3 17. b4 Nc6 18. Nc4 Rae8 19. Qc1 Re2 20. b5 Ne5 21.
Nxe5 Bxe5 22. Bd5 Rd8 23. Bxb7 Rc2 24. Qe1 Bxc3 25. Qe7 Rd6 26. Rd1 Bg6 27. Rf1 Bd4 28.
Qe8+ Kg7 29. Be4 Re2 30. Qa8 Bxe4 31. Qc8 Bxf2+ 32. Rxf2 Rd1+ 33. Rf1 Rxg2+ 34. Kh1 Rxf1# 0-1

[Event "*** Titled Tuesday Blitz"]
[Site "Chess.com"]
[Date "2021.04.20"]
[Round "3"]
[White "ukchessbomber"]
[Black "bazar-wokzal"]
[Result "0-1"]
[WhiteElo "2515"]
[BlackElo "2707"]
[TimeControl "180+1"]
[EndTime "10:27:24 PDT"]
[Termination "bazar-wokzal won by resignation"]

1. d4 Nf6 2. c4 Nc6 3. Nc3 e5 4. d5 Ne7 5. e4 Ng6 6. Bd3 Bc5 7.
Nge2 Ng4 8. Be3 Bxe3 9. fxe3 Nxe3 10. Qd2 Nxg2+ 11. Kd1 d6 12. Kc2 N2f4 13. h4 h5 14. Rag1 Bg4 15. Ng3 Nxh4 16. Kb1 Nf3 17. Qe3 Nxg1 18.
Rxg1 Qd7 19. c5 a6 20. Bc2 O-O 21. Nf5 g6 22. c6 bxc6 23. dxc6 Qd8 24. Nh6+ Kg7 25.
Nxg4 hxg4 26. Rxg4 Rh8 27. a3 Rb8 28. Bd3 Rh3 29. Rg3 Qh4 30. Rxh3 Qxh3 31. Qxh3 Nxh3 32.
Bxa6 g5 33. Bb7 g4 34. Ne2 Nf4 35. Ng3 Ne6 36. b4 Nd8 37. Nf5+ Kf6 38. Ba6 Nxc6 39. Be2 Nxb4 40. axb4 Rxb4+ 41. Kc2 Rxe4 42. Ng3 Rxe2+ 43. Nxe2 Kg5 44. Kd3 f5 45. Ke3 f4+ 46. Ke4 g3 47. Kf3 d5 48. Nc3 e4+ 49. Kg2 c6 50. Kg1 f3 51.
Nd1 Kf4 52. Kf1 e3 53. Kg1 e2 0-1

[Event "*** Titled Tuesday Blitz"]
[Site "Chess.com"]
[Date "2021.04.20"]
[Round "3"]
[White "1977Ivan"]
[Black "lucachess49"]
[Result "1-0"]
[WhiteElo "2730"]
[BlackElo "2437"]
[TimeControl "180+1"]
[EndTime "10:27:24 PDT"]
[Termination "1977Ivan won by resignation"]

1. d4 Nf6 2. c4 e6 3. Nc3 Bb4 4. Qc2 O-O 5. Bg5 b6 6. e4 h6 7.
Bh4 Bb7 8. Bd3 c5 9. d5 d6 10. Ne2 Nbd7 11. O-O Bxc3 12. Nxc3 e5 13. Be2 Qe7 14. a3 Rfe8 15. b4 Nf8 16. bxc5 dxc5 17.
Bg3 Ng6 18. Qd2 Red8 19. a4 Ne8 20. a5 Nd6 21. Rfb1 Qc7 22. Qb2 Rdb8 23. axb6 axb6 24.
Rxa8 Bxa8 25. Bd3 f6 26. Bf1 Nf8 27. f4 Nd7 28. fxe5 fxe5 29. Bd3 Bb7 30. Nd1 Ba6 31. Ne3 Rf8 32. Bxe5 Nxe5 33. Qxe5 Re8 34. Qg3 Nxe4 35. Qxc7 1-0

[Event "*** Titled Tuesday Blitz"]
[Site "Chess.com"]
[Date "2021.04.20"]
[Round "3"]
[White "LawrenceTrent"]
[Black "viktorgen2021"]
[Result "1-0"]
[WhiteElo "2572"]
[BlackElo "2371"]
[TimeControl "180+1"]
[EndTime "10:27:24 PDT"]
[Termination "LawrenceTrent won on time"]

1. d3 d5 2. g3 e5 3. Bg2 c6 4.
Nf3 Nf6 5. Nxe5 Bd6 6. Nf3 O-O 7. O-O Re8 8. Nc3 Nbd7 9. e4 Nf8 10. Bg5 dxe4 11. dxe4 h6 12. Bf4 Bc7 13. Qxd8 Bxd8 14.
Rfe1 Ba5 15. Nd2 Ng6 16. Bd6 Be6 17. Nb3 Bxc3 18. bxc3 Rad8 19. Rad1 Bc8 20. f3 b6 21. Ba3 c5 22. Bc1 Be6 23. Rxd8 Rxd8 24. Kf2 Ne5 25. Bf1 a5 26. Bf4 Nc6 27. Bb5 Na7 28.
c4 Nxb5 29. cxb5 a4 30. Nc1 Rd7 31. Nd3 Bxa2 32. Ra1 Bc4 33. Ne5 Bxb5 34. c4 Bxc4 35.
Nxc4 Rd4 36. Nd6 Rb4 37. Nf5 Kh7 38. g4 Rb2+ 39. Kg3 b5 40. Rd1 a3 41. Be5 Rc2 42.
Nxg7 Kxg7 43. Rd6 c4 44. Bxf6+ Kg6 45. h4 1-0

[Event "*** Titled Tuesday Blitz"]
[Site "Chess.com"]
[Date "2021.04.20"]
[Round "3"]
[White "Nozdrachev_Leonid"]
[Black "dosto07"]
[Result "1-0"]
[WhiteElo "2544"]
[BlackElo "2327"]
[TimeControl "180+1"]
[EndTime "10:27:24 PDT"]
[Termination "Nozdrachev_Leonid won on time"]

1. e4 e5 2. Nf3 Nc6 3. Bb5 a6 4. Ba4 Nf6 5. O-O Be7 6. Bxc6 dxc6 7. Re1 Nd7 8. b3 f6 9. Bb2 Nc5 10. d4 exd4 11. Nxd4 O-O 12. Nd2 Ne6 13. Nf5 Bc5 14. Nc4 b5 15. Qxd8 Rxd8 16. Na5 Bd7 17. Nb7 Re8 18. Rad1 Bc8 19. Nxc5 Nxc5 20. Ng3 a5 21. f3 Be6 22. Kf2 b4 23. Bd4 Nb7 24. f4 a4 25. Kf3 axb3 26. axb3 c5 27. Bf2 Red8 28. Ra1 c4 29. bxc4 Bxc4 30. e5 fxe5 31. fxe5 Ra3+ 32. Be3 Kf7 33. Rab1 c5 34. Kf2 Ke6 35.
Ne4 h6 36. Bxc5 Nxc5 37. Nxc5+ 1-0

[Event "*** Titled Tuesday Blitz"]
[Site "Chess.com"]
[Date "2021.04.20"]
[Round "3"]
[White "Artem_Sadovsky"]
[Black "Zkid"]
[Result "0-1"]
[WhiteElo "2625"]
[BlackElo "2827"]
[TimeControl "180+1"]
[EndTime "10:27:25 PDT"]
[Termination "Zkid won on time"]

1. Nf3 d5 2. c4 d4 3. e3 Nc6 4. b4 dxe3 5. fxe3 Nxb4 6. Qb3 e5 7.
Ba3 a5 8. Nc3 Bf5 9. e4 Be6 10.
Nxe5 Nf6 11. Nf3 Bc5 12. d4 Bxd4 13. O-O-O c5 14. Nxd4 cxd4 15. Bxb4 axb4 16. Qxb4 Ng4 17. Nb5 Qe7 18. Nd6+ Kf8 19. Rxd4 Rxa2 20. Kb1 Rf2 21.
Qxb7 Qxb7+ 22. Nxb7 Ke7 23. c5 Ne5 24. Bb5 Ra8 25. Rf1 Ba2+ 26. Kc1 Rxg2 27. Rfd1 Bd5 28. R1d2 Rxd2 29. Kxd2 Bxb7 30. Ke3 Ra3+ 31. Kf4 f6 32.
Be2 g5+ 0-1

[Event "*** Titled Tuesday Blitz"]
[Site "Chess.com"]
[Date "2021.04.20"]
[Round "3"]
[White "HackingKid98"]
[Black "aljado"]
[Result "1-0"]
[WhiteElo "2473"]
[BlackElo "2068"]
[TimeControl "180+1"]
[EndTime "10:27:25 PDT"]
[Termination "HackingKid98 won on time"]

1. Nf3 Nf6 2. c4 g6 3. Nc3 Bg7 4. g3 O-O 5. Bg2 d6 6. d4 Nc6 7. O-O e5 8. dxe5 dxe5 9. Bg5 Be6 10. Nd5 Bxd5 11. Bxf6 Bxf6 12. cxd5 Ne7 13. Nd2 Nxd5 14. Ne4 Bg7 15. Nc5 c6 16. Nxb7 Qb6 17. Qb3 Rfb8 18. Qxb6 axb6 19. Nd6 Rd8 20. Bxd5 cxd5 21. Nb5 Rac8 22.
Rfc1 Kf8 23. Kf1 Ke7 24. Ke1 Kd7 25. Kd2 Rc5 26. a4 Rdc8 27. b4 Rc4 28. Rxc4 Rxc4 29. a5 bxa5 30. bxa5 e4 31. Ra2 Rb4 32. Nc3 Kc6 33.
a6 Bxc3+ 34. Kxc3 Rb8 35. a7 Ra8 36. Kd4 Kd6 37. Ra6+ Kd7 38. Kxd5 f5 39. Ke5 Ke7 40. h4 1-0

[Event "*** Titled Tuesday Blitz"]
[Site "Chess.com"]
[Date "2021.04.20"]
[Round "3"]
[White "yuki_chess123"]
[Black "UKR_Master"]
[Result "1-0"]
[WhiteElo "2250"]
[BlackElo "2487"]
[TimeControl "180+1"]
[EndTime "10:27:27 PDT"]
[Termination "yuki_chess123 won by resignation"]

1. d4 Nf6 2. c4 g6 3. Nc3 d5 4. cxd5 Nxd5 5. Bd2 Nb6 6. Bg5 Bg7 7. e3 O-O 8. Nf3 c5 9. dxc5 N6d7 10. Nd5 Nc6 11.
b4 h6 12. Bh4 Bxa1 13. Qxa1 Nxc5 14. Bxe7 Qxd5 15. Bxf8 Kxf8 16. bxc5 Qxc5 17. Bd3 Qb4+ 18. Ke2 Ke7 19. Rb1 Qd6 20. Qc3 b6 21. Rd1 Qe6 22. Bc4 Qf5 23. Bd5 Ba6+ 24. Ke1 Rc8 25. Bxc6 Qe6 26. Qa3+ Kf6 27. Qxa6 Rxc6 28. Nd4 Qc4 29. Qxc4 Rxc4 30. Rd2 Rc1+ 31. Ke2 Ra1 32. Rc2 Ke5 33. f3 f5 34. Nb3 f4 35. Nxa1 1-0

[Event "*** Titled Tuesday Blitz"]
[Site "Chess.com"]
[Date "2021.04.20"]
[Round "3"]
[White "hansen"]
[Black "Fighterman91"]
[Result "1-0"]
[WhiteElo "2830"]
[BlackElo "2626"]
[TimeControl "180+1"]
[EndTime "10:27:30 PDT"]
[Termination "hansen won by resignation"]

1. e4 c6 2. Nc3 d5 3. Nf3 dxe4 4. Nxe4 Nf6 5. d3 Bf5 6. Qe2 e6 7. g3 Nbd7 8. Bg2 Be7 9. O-O O-O 10. Bf4 Nd5 11. Bd2 Bg6 12. Rfe1 Re8 13. a3 a5 14. d4 b5 15. c4 bxc4 16. Qxc4 Qb6 17. b3 Reb8 18. Nc3 Qxb3 19. Qxc6 N7f6 20. Nxd5 Nxd5 21. Ne5 Rc8 22. Bxd5 exd5 23. Nxg6 hxg6 24. Qd7 Bf6 25. Be3 Rd8 26. Qg4 Rab8 27. h4 Qd3 28. Red1 Qf5 29. Qxf5 gxf5 30. a4 Rb4 31. Bd2 Rxd4 32. Bxa5 Rxd1+ 33.
Rxd1 d4 34. Bxd8 Bxd8 35. Rxd4 1-0

[Event "*** Titled Tuesday Blitz"]
[Site "Chess.com"]
[Date "2021.04.20"]
[Round "3"]
[White "Joseacorrea"]
[Black "yonaltimur"]
[Result "1-0"]
[WhiteElo "2062"]
[BlackElo "1749"]
[TimeControl "180+1"]
[EndTime "10:27:31 PDT"]
[Termination "Joseacorrea won on time"]

1. c4 e5 2. Nc3 Nf6 3. g3 Bc5 4.
Bg2 d6 5. e3 a6 6. Nge2 O-O 7. O-O Re8 8. a3 e4 9. b4 Ba7 10. d3 exd3 11. Qxd3 Bd7 12. Bxb7 Bc6 13. Bxa8 Bxa8 14. f3 Nbd7 15. Nd4 Ne5 16. Qd1 Nxc4 17. Re1 Qd7 18. Kg2 Ng4 19. e4 Nge5 20. Nd5 c6 21.
Ne3 c5 22. Ndf5 Rd8 23. Nxc4 Nxc4 24. Bf4 cxb4 25. axb4 d5 26. Qc2 Nb6 27. exd5 Bxd5 28. Rad1 Kh8 29. Be5 f6 30. Nxg7 1-0

[Event "*** Titled Tuesday Blitz"]
[Site "Chess.com"]
[Date "2021.04.20"]
[Round "3"]
[White "platy3"]
[Black "kingofthenil"]
[Result "1-0"]
[WhiteElo "2844"]
[BlackElo "2634"]
[TimeControl "180+1"]
[EndTime "10:27:32 PDT"]
[Termination "platy3 won on time"]

1. e4 Nc6 2. Nc3 d5 3. Nxd5 f5 4. Nc3 Nf6 5. exf5 Bxf5 6. Nf3 e5 7. Bb5 Bd6 8. d3 O-O 9. O-O Bg4 10. h3 Bh5 11. Bxc6 bxc6 12. Qe2 Qe8 13. Bg5 Qg6 14. Bh4 Nd5 15. Qe4 Rf5 16. g4 Raf8 17. Nh2 Nf4 18. Kh1 R5f7 19. gxh5 Qxh5 20. Bg3 Nxh3 21. Qg4 Qh6 22.
Ne4 Nf4 23. Rg1 Nh3 24. Rg2 Be7 25. Bxe5 g6 26. Rf1 Nf4 27. Bxf4 Rxf4 28. Qe6+ R8f7 29.
Kg1 Kf8 30. Ng4 Qh4 31. Ne5 R7f5 32. Nxg6+ hxg6 33. Qxg6 1-0

[Event "*** Titled Tuesday Blitz"]
[Site "Chess.com"]
[Date "2021.04.20"]
[Round "3"]
[White "NONmaster99"]
[Black "m_ezat"]
[Result "0-1"]
[WhiteElo "2323"]
[BlackElo "2543"]
[TimeControl "180+1"]
[EndTime "10:27:33 PDT"]
[Termination "m_ezat won on time"]

1. c4 Nf6 2. Nc3 g6 3. e4 d6 4. h3 Bg7 5. g4 O-O 6. Bg2 c5 7. Nge2 Nc6 8. O-O a6 9. d3 Rb8 10. f4 Nd7 11. Be3 b5 12. Qd2 Nd4 13. Rf2 bxc4 14. dxc4 Qa5 15. Nxd4 cxd4 16. Bxd4 Bxd4 17. Qxd4 Nc5 18. Rd1 Bb7 19. b3 Rfd8 20. Rdf1 Ne6 21. Qd3 Qc5 22. Kh1 Qd4 23. Qc2 Qg7 24. f5 Nd4 25. Qd3 Nc6 26. Nd5 f6 27. g5 Ne5 28.
Qg3 Bxd5 29. gxf6 exf6 30. fxg6 Bc6 31. Rxf6 hxg6 32. Qg5 Rd7 33. h4 Rf7 34. Rxd6 Bxe4 35. Rxf7 Nxf7 36. Qf6 Nxd6 37. Qe6+ Kh8 38. Bxe4 Nxe4 39. Qxe4 Rf8 40. Kg2 Qf6 0-1

[Event "*** Titled Tuesday Blitz"]
[Site "Chess.com"]
[Date "2021.04.20"]
[Round "3"]
[White "maxip32"]
[Black "Vuk2000"]
[Result "1-0"]
[WhiteElo "2540"]
[BlackElo "2736"]
[TimeControl "180+1"]
[EndTime "10:27:34 PDT"]
[Termination "maxip32 won on time"]

1. e4 e6 2. d3 d5 3. Nd2 Nf6 4. Ngf3 c5 5. g3 Nc6 6. Bg2 Be7 7. O-O O-O 8. Re1 b5 9. e5 Nd7 10. Nf1 a5 11. h4 Ba6 12. N1h2 b4 13. h5 h6 14. Ng4 Nd4 15. Nxd4 cxd4 16. Nh2 Rc8 17. Qg4 Kh7 18. Re2 Qb6 19. Nf3 Bc5 20. Qf4 a4 21. g4 f6 22. Qg3 Nxe5 23. Nxe5 fxe5 24. Qxe5 Rce8 25. Bf4 b3 26. axb3 axb3 27. Qc7 bxc2 28. Rxc2 Rxf4 29. Qxf4 Bxd3 30. Rd2 Rf8 31. Qg3 Bb5 32.
g5 hxg5 33. Qxg5 Be8 34. Ra8 d3 35. Rxe8 Bxf2+ 36. Kh1 Rf6 37. Re7 1-0

[Event "*** Titled Tuesday Blitz"]
[Site "Chess.com"]
[Date "2021.04.20"]
[Round "3"]
[White "HouseOfDurin"]
[Black "Flopezin"]
[Result "0-1"]
[WhiteElo "2118"]
[BlackElo "2342"]
[TimeControl "180+1"]
[EndTime "10:27:34 PDT"]
[Termination "Flopezin won by resignation"]

1. d4 Nf6 2. Bg5 e6 3. e4 h6 4. Bxf6 Qxf6 5. e5 Qd8 6. f4 d6 7.
Nf3 c5 8. Bb5+ Bd7 9. Bxd7+ Qxd7 10. dxc5 dxc5 11. O-O Nc6 12. Qxd7+ Kxd7 13. Nc3 Be7 14. Rad1+ Kc7 15. Nb5+ Kb6 16. Nd6 Bxd6 17. Rxd6 Rhd8 18. Rfd1 Rxd6 19. Rxd6 Rd8 20. Rxd8 Nxd8 21. c3 Kc6 22. c4 a6 23. Kf2 b5 24. b3 bxc4 25. bxc4 Kb6 26.
Ne1 Ka5 27. Nd3 Nb7 28. Ke2 Ka4 29. Kd2 Ka3 30. Nc1 Kb2 31. g4 a5 32. h4 a4 33. a3 Kxa3 34. Kc3 Na5 35. Nd3 Ka2 36.
Nxc5 a3 37. Kb4 Nc6+ 38. Kc3 Kb1 39. Nb3 a2 40. c5 Na5 41. Nd2+ Kc1 42. c6 a1=Q+ 43.
Kd3 Qa3+ 44. Ke2 Qb2 45. c7 Qxd2+ 46. Kf3 Qc3+ 0-1

[Event "*** Titled Tuesday Blitz"]
[Site "Chess.com"]
[Date "2021.04.20"]
[Round "3"]
[White "Kaslask"]
[Black "LittleMyMoomin"]
[Result "1-0"]
[WhiteElo "2301"]
[BlackElo "1902"]
[TimeControl "180+1"]
[EndTime "10:27:34 PDT"]
[Termination "Kaslask won on time"]

1. d4 Nf6 2. c4 e6 3. Nf3 b6 4. g3 Bb7 5. Bg2 Be7 6. O-O O-O 7. b3 d6 8. Bb2 Nbd7 9. Nbd2 Ne4 10. Nxe4 Bxe4 11. Re1 f5 12. Bf1 Bb7 13. Nd2 Nf6 14.
Qc2 Ne4 15. Bg2 d5 16. Nxe4 fxe4 17. f3 exf3 18. exf3 Qd7 19. Bh3 Rf6 20. Re3 Bb4 21. a3 Bd6 22. c5 Rh6 23. cxd6 Rxh3 24. Qxc7 Qxc7 25. dxc7 Bc8 26. a4 a6 27. Ba3 Ra7 28. Rc1 b5 29. a5 Kf7 30. Rc6 Ke8 31. Bc5 Kd7 32. Rcxe6 Rxc7 33. Re7+ Kc6 34. Rxc7+ Kxc7 35.
Re7+ Bd7 36. Rxg7 Rh6 37. Rg5 Bc6 38. Re5 Rf6 39. Bb6+ Kb7 40. Re7+ Kc8 41. f4 Rh6 42. h4 Rg6 43. Kf2 h6 44. h5 Rf6 45. Kf3 Bd7 46. g4 Rc6 47. Bc5 Kc7 48. g5 1-0

[Event "*** Titled Tuesday Blitz"]
[Site "Chess.com"]
[Date "2021.04.20"]
[Round "3"]
[White "sakkikuska"]
[Black "ZeZacarias"]
[Result "1-0"]
[WhiteElo "2478"]
[BlackElo "2140"]
[TimeControl "180+1"]
[EndTime "10:27:35 PDT"]
[Termination "sakkikuska won by resignation"]

1. e4 e6 2. d4 d5 3. Nc3 Nf6 4. e5 Nfd7 5. f4 c5 6. Nf3 a6 7. Be3 Qb6 8. a3 Nc6 9. Qd2 Qa7 10. Be2 cxd4 11. Nxd4 Bc5 12. Nxc6 bxc6 13. Bxc5 Nxc5 14. Qd4 Nd7 15. Qxa7 Rxa7 16. Kf2 a5 17. Na4 Ba6 18. Bxa6 Rxa6 19. b3 Ke7 20. Rhd1 Rc8 21. Rac1 c5 22. c4 d4 23. Ke2 g6 24. Rb1 Rb8 25. Kd3 h5 26. h4 Ra7 27. g3 Rab7 28. Kc2 Kd8 29. Rd3 Kc7 30. Nb2 Kc6 31. Nd1 Nb6 32. Nf2 a4 33.
Ne4 axb3+ 34. Rdxb3 Nxc4 35. Rxb7 Nxa3+ 36. Kd3 Rxb7 37. Rxb7 c4+ 38. Kxd4 Kxb7 39. Nd6+ Kc6 40. Nxf7 Kb5 41. Nd8 Kb4 42. Nxe6 c3 43. Kd3 Kb3 44. Nd4+ Kb2 45.
e6 Nb5 46. Nxb5 c2 47. e7 c1=Q 48. e8=Q Qd1+ 49. Kc4 Qb3+ 50. Kc5 Qc2+ 51. Kb6 Qf2+ 52.
Ka6 Qxg3 53. Qe2+ Kb3 54. Qe6+ Kb2 55. Qf6+ Kb3 56. Nd4+ Kc4 57. Nb5 Qxh4 58. Qxh4 1-0

[Event "*** Titled Tuesday Blitz"]
[Site "Chess.com"]
[Date "2021.04.20"]
[Round "3"]
[White "Pantata007"]
[Black "Varinius"]
[Result "0-1"]
[WhiteElo "2242"]
[BlackElo "2409"]
[TimeControl "180+1"]
[EndTime "10:27:35 PDT"]
[Termination "Varinius won on time"]

1. d4 Nf6 2. c4 c5 3. d5 b5 4. cxb5 a6 5. bxa6 g6 6. Nc3 Bg7 7. e4 O-O 8. a7 Rxa7 9. Nf3 e6 10. Be2 exd5 11. exd5 d6 12. O-O Na6 13. Bg5 h6 14.
Bh4 g5 15. Bg3 Nh5 16. a3 Nc7 17. Rc1 Rb7 18. Qc2 Nxg3 19. hxg3 Qf6 20. Bc4 Bf5 21. Qd2 Rfb8 22. Nd1 Nb5 23. Bxb5 Rxb5 24. b4 cxb4 25.
axb4 Rxb4 26. Ne3 Be4 27. Rc8+ Kh7 28. Rxb8 Rxb8 29. Ng4 Qf5 30. Ne3 Qg6 31. g4 Rb2 32.
Qa5 h5 33. gxh5 Qxh5 34. Nh2 Be5 35. Nhg4 Bf5 0-1

[Event "*** Titled Tuesday Blitz"]
[Site "Chess.com"]
[Date "2021.04.20"]
[Round "3"]
[White "kidagent"]
[Black "xImpervious"]
[Result "1-0"]
[WhiteElo "2349"]
[BlackElo "2143"]
[TimeControl "180+1"]
[EndTime "10:27:35 PDT"]
[Termination "kidagent won by resignation"]

1. e4 c5 2. Nf3 d6 3. d4 cxd4 4. Nxd4 Nf6 5. Nc3 a6 6. Bg5 Nbd7 7. Qe2 b5 8. f4 h6 9. Bh4 g5 10. fxg5 hxg5 11. Bxg5 Bb7 12. O-O-O e6 13. g4 Rc8 14.
Bg2 Rxc3 15. bxc3 Qa5 16. Kb2 d5 17. Qe3 dxe4 18. Nb3 Qa3+ 19. Kb1 Nd5 20. Rxd5 Bxd5 21. Bxe4 Bc5 22. Qf3 Bxb3 23. cxb3 b4 24. Bc1 Qa5 25. cxb4 Qxb4 26. Bb2 Bd4 27. Rf1 Rf8 28. Bc6 Bxb2 29. Kxb2 Qd4+ 30. Kb1 f5 31. Rd1 fxg4 32. Qxf8+ Kxf8 33. Rxd4 Ne5 34. Be4 Ke7 35. Ra4 Kf6 36. Rxa6 Nf7 37.
Bd5 Ng5 38. Bc4 Kf5 39. a4 e5 40. a5 e4 41. Rc6 e3 42. Be2 Ne4 43. a6 Nd2+ 44. Kc2 Kf4 45. Rc4+ Ne4 46. Rxe4+ Kxe4 47. Bxg4 Kf4 48. Be2 1-0

[Event "*** Titled Tuesday Blitz"]
[Site "Chess.com"]
[Date "2021.04.20"]
[Round "3"]
[White "saikrishnaReturns"]
[Black "Indianlad"]
[Result "1-0"]
[WhiteElo "2668"]
[BlackElo "2909"]
[TimeControl "180+1"]
[EndTime "10:27:36 PDT"]
[Termination "saikrishnaReturns won by resignation"]

1. e4 c6 2. Nc3 d5 3. Nf3 h6 4.
Bd3 e6 5. O-O Nf6 6. Re1 Be7 7.
b3 O-O 8. Bb2 a5 9. a4 Na6 10.
Bxa6 Rxa6 11. e5 Nd7 12. Ne2 c5 13. d4 Rc6 14. Nf4 Re8 15. Nh5 b6 16. Re3 Ba6 17.
Ne1 g6 18. Rh3 cxd4 19. Bxd4 Qc7 20. Nf4 Nxe5 21. Rxh6 Bg5 22. Bxe5 Qxe5 23. Nxg6 fxg6 24. Rxg6+ Kf7 25. Qh5 Rh8 26. Rh6+ Kg7 27. Rxh8 Qf5 28. Qe8 Rc7 29. Rg8+ Kh7 30. Nf3 Bf6 31. Rf8 Kg7 32. Re1 Re7 33. Rg8+ Kh7 34. Qf8 Rc7 35. Rg3 Rc8 36.
Rh3+ Qxh3 37. Qf7+ Kh6 38. gxh3 1-0

[Event "*** Titled Tuesday Blitz"]
[Site "Chess.com"]
[Date "2021.04.20"]
[Round "3"]
[White "fastestmindalive"]
[Black "Sashadav97"]
[Result "1-0"]
[WhiteElo "2766"]
[BlackElo "2608"]
[TimeControl "180+1"]
[EndTime "10:27:36 PDT"]
[Termination "fastestmindalive won by resignation"]

1. e4 c5 2. Nc3 e6 3. f4 Nc6 4. Nf3 d5 5. Bb5 Ne7 6. exd5 exd5 7.
Qe2 f6 8. Bxc6+ bxc6 9. d3 Kf7 10. O-O Nf5 11. b3 Bd6 12. Qf2 Re8 13. Na4 d4 14. Nb2 Ne3 15. Bxe3 dxe3 16. Qh4 Kg8 17. Nc4 Ba6 18.
Nxd6 Qxd6 19. Rae1 Re7 20. Re2 Rae8 21. Rfe1 c4 22. bxc4 c5 23. Qg3 Bc8 24. Kh1 g6 25.
h3 Kf7 26. Nh2 Qd4 27. Nf1 Qb2 28. Rxe3 Rxe3 29. Rxe3 Qxc2 30. Rxe8 Kxe8 31. Qe3+ Kd8 32. Qxc5 Qxd3 33. Ne3 Be6 34. Qxa7 Qe4 35. Qb6+ Kd7 36. Qb5+ Kd8 37. Nd5 Bxd5 1-0

[Event "*** Titled Tuesday Blitz"]
[Site "Chess.com"]
[Date "2021.04.20"]
[Round "3"]
[White "pastouche06"]
[Black "Matensien"]
[Result "1/2-1/2"]
[WhiteElo "2561"]
[BlackElo "2378"]
[TimeControl "180+1"]
[EndTime "10:27:36 PDT"]
[Termination "Game drawn by repetition"]

1. d4 Nf6 2. c4 g6 3. f3 Bg7 4. e4 d6 5. Ne2 c6 6. Be3 a6 7.
Nec3 b5 8. Nd2 Nbd7 9. a3 Bb7 10. Be2 e5 11. d5 cxd5 12. cxd5 Nh5 13. g3 f5 14.
exf5 gxf5 15. f4 Nhf6 16. Bh5+ Kf8 17. Bf3 e4 18. Be2 Nxd5 19. Nxd5 Bxd5 20. Nb3 Nb6 21. Bxb6 Bxb3 22. Qxb3 Qxb6 23. Qd5 Bxb2 24. Qxf5+ Ke7 25. Qxe4+ Kf6 26. Rd1 Bc3+ 27. Kf1 Rae8 28. Qd5 Qe3 29. Qg5+ Ke6 30. Bg4+ Kf7 31. Bh5+ Ke6 32. Qd5+ Kd7 33. Bxe8+ Rxe8 34. Qxd6+ Kc8 35. Qc6+ Kb8 36. Qd6+ Kc8 37. Qd7+ Kb8 38. Qd6+ Kc8 1/2-1/2

[Event "*** Titled Tuesday Blitz"]
[Site "Chess.com"]
[Date "2021.04.20"]
[Round "3"]
[White "BvsN"]
[Black "MMSANCHEZ"]
[Result "0-1"]
[WhiteElo "2361"]
[BlackElo "2559"]
[TimeControl "180+1"]
[EndTime "10:27:36 PDT"]
[Termination "MMSANCHEZ won on time"]

1. c4 e5 2. Nc3 Nf6 3. Nf3 Nc6 4. e3 Bb4 5. Qc2 O-O 6. Nd5 Be7 7.
a3 a5 8. Bd3 h6 9. O-O d6 10.
b3 Bg4 11. Bb2 Bxf3 12. gxf3 Qd7 13. Bf5 Qd8 14. Kh1 Nxd5 15. cxd5 Nb8 16. Rg1 Bf6 17. Rg3 c6 18. Be4 cxd5 19. Bxd5 Kh8 20. Rc1 Nc6 21. Qe4 Ne7 22. Rcg1 Nxd5 23. Qxd5 Rc8 24. Bc3 Rc5 25. Qxb7 d5 26. f4 d4 27. fxe5 dxc3 28. exf6 Qxf6 29.
dxc3 Rxc3 30. Qg2 g6 31. Rh3 Kh7 32. Qd5 Qe6 33. Qd4 Rxb3 34. Qf4 h5 35. Rhg3 Qc6+ 36. e4 Rxg3 37. hxg3 Qe6 38. Kg2 Re8 39. Re1 Kg7 40.
f3 Rd8 41. Re2 Rd3 42. Kg1 Rxa3 0-1

[Event "*** Titled Tuesday Blitz"]
[Site "Chess.com"]
[Date "2021.04.20"]
[Round "3"]
[White "GUST_b"]
[Black "ErikBlomqvist"]
[Result "0-1"]
[WhiteElo "2373"]
[BlackElo "2585"]
[TimeControl "180+1"]
[EndTime "10:27:37 PDT"]
[Termination "ErikBlomqvist won by checkmate"]

1. Nf3 c5 2. c4 Nf6 3. Nc3 e6 4. e3 a6 5. d4 cxd4 6. exd4 d5 7. a3 dxc4 8. Bxc4 b5 9. Ba2 Bb7 10.
O-O Be7 11. Bg5 Nbd7 12. Qd3 O-O 13. Rad1 Nb6 14. Bb1 g6 15. Bh6 Re8 16. Ne5 Rc8 17.
Qg3 Nh5 18. Qh3 Bg5 19. Bxg5 Qxg5 20. Ne4 Bxe4 21. Bxe4 Nf4 22. Qf3 f6 23. Nd3 Nxd3 24.
Bxd3 Nd5 25. Be4 Kg7 26. Bxd5 Qxd5 27. Qxd5 exd5 28. Rd2 Rc4 29. f3 Rec8 30. Kf2 Rc2 31. Rd1 Kf7 32. Ke3 a5 33. Kd3 R2c4 34. Re1 a4 35. Rde2 R8c7 36. Re8 Rc2 37. R1e7+ Rxe7 38. Rxe7+ Kxe7 39. Kxc2 Kd6 40. Kc3 Kc6 41. Kb4 Kb6 42. g3 f5 43. f4 h6 44. h3 g5 45. fxg5 hxg5 46. h4 f4 47. h5 fxg3 48. h6 g2 49.
h7 g1=Q 50. h8=Q Qe1# 0-1

[Event "*** Titled Tuesday Blitz"]
[Site "Chess.com"]
[Date "2021.04.20"]
[Round "3"]
[White "volunteers1998"]
[Black "woodhy"]
[Result "0-1"]
[WhiteElo "2182"]
[BlackElo "2481"]
[TimeControl "180+1"]
[EndTime "10:27:37 PDT"]
[Termination "woodhy won by resignation"]

1. e4 e6 2. Nf3 d5 3. Nc3 Nf6 4.
e5 Nfd7 5. d4 c5 6. dxc5 Nc6 7.
Bf4 Bxc5 8. Bd3 f6 9. exf6 Qxf6 10. Bg3 O-O 11. O-O Nd4 12. Nxd4 Bxd4 13. Qe2 Nc5 14. Rad1 Bd7 15. Rd2 Rae8 16. Rfd1 Bxc3 17. bxc3 e5 18. Bb5 Bc6 19. c4 Ne4 20. cxd5 Nxd2 21. dxc6 bxc6 22. Bd3 e4 23. Qxd2 exd3 24. cxd3 Qd4 25. h3 Kh8 26. Rc1 Re6 27. Rc4 Qb6 28. Kh2 Rfe8 29. Qc3 Qb5 30.
d4 h6 31. Be5 Qd5 32. Rc5 Qe4 33. Qg3 Rg6 34. Qf3 Qxf3 35. gxf3 Rf8 36. f4 Kg8 37. Ra5 Rf7 38. Ra3 Rb7 39. Rg3 Rxg3 40. fxg3 Rb2+ 41.
Kg1 Rxa2 42. Bd6 Rd2 43. Bc5 a5 44. Kf1 a4 45. Ke1 Rd3 46. Ke2 Rxg3 47. f5 Rxh3 0-1

[Event "*** Titled Tuesday Blitz"]
[Site "Chess.com"]
[Date "2021.04.20"]
[Round "3"]
[White "UCantHandleDenker"]
[Black "TeukkaSalama"]
[Result "1-0"]
[WhiteElo "2595"]
[BlackElo "2389"]
[TimeControl "180+1"]
[EndTime "10:27:39 PDT"]
[Termination "UCantHandleDenker won on time"]

1. Nf3 d5 2. d3 c6 3. g3 Bg4 4. Bg2 Nd7 5. O-O e5 6. Nbd2 Bd6 7. h3 Bh5 8. e4 Ngf6 9. exd5 cxd5 10. c4 O-O 11.
cxd5 Nxd5 12. Qb3 N5b6 13. Ne4 Nc5 14. Nxc5 Bxc5 15. Bg5 Qd6 16. Rfe1 Rfe8 17. Nd2 Bd4 18. Ne4 Qe6 19. Qa3 h6 20. Be3 Bxe3 21. Rxe3 Nd5 22.
Ree1 a6 23. Nc5 Qd6 24. Nxb7 Qxa3 25. bxa3 Nb6 26. Nd6 Red8 27. Bxa8 Rxa8 28. Nf5 Rd8 29. g4 Bg6 30. Ne7+ Kh7 31. Nxg6 Kxg6 32. Rxe5 Rxd3 33. Rc1 Na4 34. Ra5 Nc3 35. Rxa6+ f6 36. Kg2 Ne2 37. Rc4 h5 38. Ra5 h4 39. Rh5 Rd2 40. Rxh4 Rxa2 41.
Rh8 Rxa3 42. h4 Ra2 43. h5+ Kg5 44. Rg8 Nf4+ 45. Kg3 Ne2+ 46. Kf3 1-0